 Dungeon Crawl Stone Soup version 0.17.0-24-gcfadda4 (console) character file.

340 gw the Shooter (level 6, -3/51 HPs)
             Began as a Centaur Hunter on Nov 16, 2015.
             Was an Initiate of Dithmenos.
             Slain by a wyvern (8 damage)
             ... on level 4 of the Dungeon.
             The game lasted 00:02:27 (3876 turns).

gw the Shooter (Centaur Hunter)                     Turns: 3876, Time: 00:02:27

Health: -3/51      AC:  8    Str: 14    XL:     6   Next: 30%
Magic:  6/6        EV:  8    Int: 15    God:    Dithmenos [......]
Gold:   147        SH:  0    Dex: 12    Spells: 0 memorised, 5 levels left

rFire  . . .     SeeInvis .     a - +1 shortbow
rCold  . . .     Clarity  .     h - +0 ring mail
rNeg   . . .     SustAt   .     (shield currently unavailable)
rPois  .         Gourm    .     l - +0 helmet (curse)
rElec  .         Spirit   .     i - +0 cloak
rCorr  .         Warding  .     (no gloves)
rMut   .         Stasis   .     (no barding)
MR     .....                    (no amulet)
Stlth  ..........               (no ring)
                                (no ring)

@: brilliant, very quick, not resistant to hostile enchantments, extremely
unstealthy
A: hooves 3, deformed body, speed 2, tough skin 3
a: Renounce Religion


You were on level 4 of the Dungeon.
You worshipped Dithmenos.
Dithmenos was noncommittal.
You were very hungry.

You visited 1 branch of the dungeon, and saw 4 of its levels.

You collected 147 gold pieces.

Inventory:

Hand Weapons
 a - a +1 shortbow (weapon)
 b - a +0 short sword
Missiles
 g - 15 arrows of flame (quivered)
 j - 30 arrows
Armour
 h - a +0 ring mail (worn)
 i - a +0 cloak (worn)
 l - a cursed +0 helmet (worn)
Scrolls
 d - a scroll of teleportation
 f - 2 scrolls of identify
Comestibles
 c - a beef jerky
 e - 2 bread rations
 k - 4 meat rations
 m - 4 fruits


   Skills:
 + Level 3.3 Fighting
   Level 1.9 Polearms
 * Level 7.2 Bows
 + Level 1.9 Armour
 - Level 1.3 Dodging
 * Level 1.4 Stealth
 + Level 1.2 Invocations


You had 5 spell levels left.
You didn't know any spells.

Dungeon Overview and Level Annotations

Branches:
Dungeon (4/15)
 Temple: D:4-7

Altars:
Dithmenos


Innate Abilities, Weirdness & Mutations

You have hooves in place of feet.
Armour fits poorly on your strangely shaped body.
You cover ground very quickly.
You have extremely tough skin (AC +3).


Message History

The wyvern bites you.
MOVING TO (-3,2) MOVING TO (-2,2)
The wyvern completely misses you.
MOVING TO (-2,1) MOVING TO (-1,1) KIIIITING Trying to move but square is occupied??
Making a random move The wyvern bites you but does no damage.
MOVING TO (6,-8)
You are feeling very hungry.
The rat misses you. The wyvern bites you!
MOVING TO (5,-7)
The wyvern closely misses you. The rat barely misses you.
MOVING TO (5,-6) MOVING TO (4,-5) MOVING TO (4,-4)
The wyvern bites you!
You die...

.#####.....
.........#
........#
#........
##<.......
##..###.... ##..##
. ##..## ##.c##
##rl## ... ##..##
#..% ##...# #....
#....## ##...#
###.....###!...#
#.............#
...............##
...............((#


You could see a wyvern and a rat.

Table legend:
 A = Turns spent in this place as a percentage of turns spent in the entire game.
 B = Non-inter-level travel turns spent in this place as a percentage of non-inter-level travel turns spent in the entire game.
 C = Inter-level travel turns spent in this place as a percentage of turns spent in this place.
 D = Turns resting spent in this place as a percentage of non-inter-level travel turns spent in this place.
 E = Turns spent auto-exploring this place as a percentage of non-inter-level travel turns spent in this place.
 F = Non-inter-level travel turns spent in this place divided by the number of levels of this place that you've seen.
                   A       B       C       D       E      F
               +-------+-------+-------+-------+-------+----------------------
         Total | 100.0 | 100.0 |   0.4 |   0.8 |   2.4 | 1087.2
       Dungeon | 100.0 | 100.0 |   0.4 |   0.8 |   2.4 | 1087.2
               +-------+-------+-------+-------+-------+----------------------

Table legend:
 A = Kills in this place as a percentage of kills in entire the game.
 B = Kills by you in this place as a percentage of kills by you in the entire game.
 C = Kills by friends in this place as a percentage of kills by friends in the entire game.
 D = Other kills in this place as a percentage of other kills in the entire game.
 E = Experience gained in this place as a percentage of experience gained in the entire game.
 F = Experience gained in this place divided by the number of levels of this place that you have seen.
                   A       B       C       D       E      F
               +-------+-------+-------+-------+-------+----------------------
         Total | 100.0 | 100.0 |  -nan |  -nan | 100.0 | 121.8
       Dungeon | 100.0 | 100.0 |  -nan |  -nan | 100.0 | 121.8
               +-------+-------+-------+-------+-------+----------------------

Vanquished Creatures
  Sigmund (D:3)
  2 orc wizards (D:3)
  5 adders
  3 oozes
  2 giant geckos
  11 orcs (D:3)
  6 bats
  7 goblins
  5 hobgoblins
  2 jackals (D:3)
  A quokka (D:3)
  A giant cockroach (D:3)
  4 giant newts
  4 kobolds
  3 rats
57 creatures vanquished.

Notes
Turn   | Place    | Note
--------------------------------------------------------------
     0 | D:1      | gw the Centaur Hunter began the quest for the Orb.
     0 | D:1      | Reached XP level 1. HP: 17/17 MP: 1/1
   490 | D:1      | Reached XP level 2. HP: 24/24 MP: 2/2
  1423 | D:2      | Reached XP level 3. HP: 30/30 MP: 3/3
  1878 | D:2      | Reached skill level 6 in Bows
  1884 | D:2      | Reached skill level 1 in Polearms
  1884 | D:2      | Reached skill level 1 in Armour
  2006 | D:3      | Noticed Sigmund
  2019 | D:3      | Killed Sigmund
  2019 | D:3      | Reached skill level 7 in Bows
  2019 | D:3      | Reached XP level 4. HP: 17/38 MP: 4/4
  2019 | D:3      | Reached XP level 5. HP: 20/45 MP: 5/5
  2252 | D:3      | Found a shadowy altar of Dithmenos.
  2260 | D:3      | Became a worshipper of Dithmenos the Shadowed
  2650 | D:3      | Reached skill level 1 in Stealth
  2650 | D:3      | Reached XP level 6. HP: 7/51 MP: 6/6
  2664 | D:3      | HP: 2/51 [poisoned by an orc wizard]
  2672 | D:3      | HP: 2/51 [poisoned by an orc wizard]
  3373 | D:3      | Reached skill level 1 in Invocations
  3490 | D:3      | Reached * piety under Dithmenos
  3826 | D:4      | Noticed a wyvern
  3876 | D:4      | Slain by a wyvern

Action                   |  1- 3 |  4- 6 || total
-------------------------+-------+-------++-------
Melee: Short sword       |    11 |    46 ||    57
       Spear             |    24 |     1 ||    25
       Club              |       |    40 ||    40
 Fire: Shortbow          |    48 |    56 ||   104
  Use: Potion            |     3 |     3 ||     6
       Scroll            |     2 |     1 ||     3
 Stab: Sleeping          |     1 |       ||     1
  Eat: Chunk             |     2 |     4 ||     6

Vault maps used:
D:1:      dpeg_arrival_lava_temple_mockup
D:2:      lemuel_upstairs_altar, first_bread
D:3:      lemuel_doored_altar, portal_sewer_entry_d, uniq_sigmund
